 Dungeon Crawl Stone Soup version 0.31-a0-459-gc8a9bf3d51 (webtiles) character file.

Game seed: 5176853827303120070

4 Ethylacetat the Insei (level 1, 0/1 HPs)
             Began as a Vine Stalker Monk on Aug 4, 2023.
             Slain by a frilled lizard (1 damage)
             ... on level 1 of the Dungeon.
             The game lasted 00:01:04 (294 turns).

Ethylacetat the Insei (Vine Stalker Monk)            Turns: 294, Time: 00:01:04

Health: 0/1        AC:  9    Str: 18    XL:     1   Next: 60%
Magic:  0/2        EV: 10    Int: 10    God:
Gold:   32         SH:  0    Dex: 16    Spells: 0/0 levels left

rFire   . .          .
                       - Unarmed
rCold   . . .        c - melded orb {light}
rNeg    . . .        a - melded +0 robe
rPois   .            (helmet currently unavailable)
rElec   .            (cloak currently unavailable)
rCorr   .            (gloves currently unavailable)
SInv    .            (boots currently unavailable)
Will    .....        (no amulet)
Stlth   +            (no ring)
HPRegen 0.20/turn    (no ring)
MPRegen 0.08/turn

%: guardian spirit
@: snake-form
A: constrict, reduced hp, large, (fangs 2), magic shield, (antimagic bite), no
potion heal 2
a: Begin Untransformation


You were on level 1 of the Dungeon.
You were an enormous anaconda.
You visited 1 branch of the dungeon, and saw 2 of its levels.

You collected 32 gold pieces.

Inventory:

Armour
 a - a +0 robe (melded)
 c - an orb of light (melded)
Talismans
 f - a serpent talisman (active)
Scrolls
 d - a scroll of teleportation {unknown}
 g - a scroll of identify {unknown}
 i - a scroll of fear {unknown}
Potions
 b - a potion of ambrosia
 e - 2 potions of lignification {unknown}
 h - a potion of attraction {unknown}


   Skills:
 + Level 2.7 Fighting
 - Level 2.4 Dodging
 + Level 3.0 Unarmed Combat
 + Level 0.2 Spellcasting
 * Level 0.3 Shapeshifting


You couldn't memorise any spells.
You didn't know any spells.
Your spell library contained the following spells:

 Spells                   Type           Power      Damage    Failure   Level
 Blink                    Tloc           0%         N/A       50%         2
 Manifold Assault         Tloc           0%         N/A       98%         4


Dungeon Overview and Level Annotations

Branches:
Dungeon (2/15)

Altars:
Fedhas


Innate Abilities, Weirdness & Mutations

You are an enormous anaconda.
You have a powerful constriction melee attack.
Your maximum health is decreased, since you lack skill for your form.
Your armour is entirely melded.
You are incapable of wielding weapons or throwing items.
((You have extremely sharp teeth.))
When hurt, damage is shared between your health and your magic reserves.
((Your bite disrupts and absorbs the magic of your enemies.))
Potions cannot restore your health.


Message History

A hobgoblin comes into view.
The helpless kobold fails to defend itself.
You lash the kobold!
You kill the kobold!
The hobgoblin shouts!
The hobgoblin barely misses you.
You lash the hobgoblin!
You kill the hobgoblin!
No target in view!
No target in view!
A bat comes into view.
A bat is nearby!
The helpless bat fails to defend itself.
You lash the bat!
You kill the bat!
No target in view!
No target in view!
You pick up an Inescapable Atlas and begin reading...
You add the spells Blink and Manifold Assault to your library.
No target in view!
No target in view!
You see here a +0 leather armour.
You now have 32 gold pieces (gained 12).
i - a scroll labelled PIHUAHUOWE No target in view!
No target in view!
Found a whip.
No target in view!
No target in view!
Found a chain mail.
No target in view!
No target in view!
A frilled lizard comes into view.
The frilled lizard hisses angrily.
A frilled lizard is nearby!
You barely miss the frilled lizard. You grab the frilled lizard.
You constrict the frilled lizard, but do no damage.
The frilled lizard bites you.
Ouch! That really hurt!
You die...

#.##...##....####.#'#.##
#######......##..##
#.....#
#............##.. #
#######
#..........####.. ..
#.............# ...
#.............# ....
########......# .....
#..#####......
#.....Sl......
#....######### ......#.#
#......+.. #......###.
#....).# .. ........ ..
....... [.# .#


You could see a frilled lizard.

Vanquished Creatures
  A hobgoblin (D:1)
  2 kobolds
  A bat (D:1)
4 creatures vanquished.

Notes
Turn   | Place    | Note
-------+----------+-------------------------------------------
     0 | D:1      | Ethylacetat the Vine Stalker Monk began the quest for the
                  | Orb.
     0 | D:1      | Reached XP level 1. HP: 11/11 MP: 2/2
    40 | D:1      | You fall into a shaft and drop 1 floor!
   135 | D:2      | Found a blossoming altar of Fedhas.
   135 | D:2      | Noticed an iguana
   294 | D:1      | Slain by a frilled lizard

Illustrated notes

Levels and vault maps discovered:
D:1:      dpeg_arrival_renting, layout_basic
D:2:      layout_basic, basic_altar, amcnicky_mini_pool_small,
          grunt_decor_one_mirror, uniq_sigmund

Action                     || total
---------------------------++-------
  Melee: Unarmed           ||     5
         Constrict         ||     1
   Stab: Sleeping          ||     2
  Dodge: Dodged            ||     1
   Form: Anaconda          ||     1

Table legend: (Time is in decaauts)
 A = Elapsed time spent in this place.
 B = Non-inter-level travel time spent in this place.
 C = Inter-level travel time spent in this place.
 D = Time resting spent in this place.
 E = Time spent auto-exploring this place.
 F = Levels seen in this place.
 G = Mean time per level.
                   A        B        C        D        E       F      G
               +--------+--------+--------+--------+--------+-----+--------+
         Total |    293 |    287 |      6 |      0 |    179 |   2 |  146.5 |
       Dungeon |    293 |    287 |      6 |      0 |    179 |   2 |  146.5 |
               +--------+--------+--------+--------+--------+-----+--------+

Top non-repeatable levels by time:
     D:2: 176 daAuts
     D:1: 116 daAuts
